 Dungeon Crawl Stone Soup version 0.23-a0-309-ge7838e6 (webtiles) character file.

597 epen the Charmwright (level 7, -9/56 HPs)
             Began as a Gnoll Skald on Oct 11, 2018.
             Mangled by a gnoll
             ... wielding a +0 halberd
              (12 damage)
             ... on level 4 of the Dungeon.
             The game lasted 00:05:41 (3844 turns).

epen the Charmwright (Gnoll Skald)                  Turns: 3844, Time: 00:05:42

Health: -9/56      AC:  5    Str: 16    XL:     7   Next: 40%
Magic:  10/15      EV: 14    Int: 15    God:
Gold:   124        SH:  0    Dex: 14    Spells: 12/17 levels left

rFire    . . .     SeeInvis .   i - +1 trident (venom)
rCold    . . .     Gourm    .   (no shield)
rNeg     . . .     Faith    .   b - +0 leather armour
rPois    .         Spirit   .   g - +1 helmet
rElec    .         Reflect  .   (no cloak)
rCorr    .         Harm     .   (no gloves)
MR       .....                  (no boots)
Stlth    ++........             (no amulet)
HPRegen  0.18/turn              (no ring)
MPRegen  0.14/turn              (no ring)

@: singing (expiring)
A: distributed training, fangs 1, strong nose
a: no special abilities


You were on level 4 of the Dungeon.
You were not hungry.

You visited 1 branch of the dungeon, and saw 4 of its levels.

You collected 124 gold pieces.

Inventory:

Hand Weapons
 a - a +1 falchion
 i - a +1 trident of venom (weapon)
Armour
 b - a +0 leather armour (worn)
 g - a +1 helmet (worn)
Wands
 h - a wand of paralysis (14)
Scrolls
 n - a scroll of enchant weapon
 o - a scroll of teleportation {unknown}
Potions
 c - a potion of curing
 e - 2 potions of resistance
 j - a potion of degeneration {unknown}
 m - a potion of haste {unknown}
Comestibles
 d - 4 rations


   Skills:
 + Level 5.2 Fighting
 + Level 2.4 Short Blades
 + Level 5.2 Long Blades
 + Level 2.4 Axes
 + Level 2.4 Maces & Flails
 + Level 2.4 Polearms
 + Level 2.4 Staves
 + Level 2.4 Slings
 + Level 2.4 Bows
 + Level 2.4 Crossbows
 + Level 2.4 Throwing
 + Level 3.5 Armour
 + Level 5.2 Dodging
 + Level 2.4 Stealth
 + Level 2.4 Shields
 + Level 2.4 Unarmed Combat
 + Level 5.6 Spellcasting
 + Level 2.0 Conjurations
 + Level 2.0 Hexes
 + Level 5.8 Charms
 + Level 2.0 Summonings
 + Level 2.0 Necromancy
 + Level 2.0 Translocations
 + Level 2.0 Transmutations
 + Level 2.0 Fire Magic
 + Level 2.0 Ice Magic
 + Level 2.0 Air Magic
 + Level 2.0 Earth Magic
 + Level 2.0 Poison Magic
 + Level 2.6 Invocations
 + Level 2.4 Evocations


You had 12 spell levels left.
You knew the following spells:

 Your Spells              Type           Power        Failure   Level  Hunger
b - Song of Slaying       Chrm           ###.....     2%          2    #......
c - Spectral Weapon       Hex/Chrm       ###.....     11%         3    ###....

Your spell library contained the following spells:

 Spells                   Type           Power        Failure   Level  Hunger
 Infusion                 Chrm           ###.         1%          1    None
 Shroud of Golubria       Chrm/Tloc      ###.......   5%          2    #......
 Regeneration             Chrm/Necr      ###.......   11%         3    ###....


Dungeon Overview and Level Annotations

Branches:
Dungeon (4/15)
 Temple: D:4-7

Altars:


Innate Abilities, Weirdness & Mutations

Your experience applies equally to all skills.
You have very sharp teeth.
Your uncanny sense of smell can sniff out nearby items.


Message History

The gnoll hits you from afar with a halberd.
* * * LOW HITPOINT WARNING * * *
Something hits you.
* * * LOW HITPOINT WARNING * * *
Something barely misses you. Something hits your spectral weapon.
Your spectral weapon shares its damage with you!
* * * LOW HITPOINT WARNING * * *
The orc wizard gestures wildly while chanting.
The orc wizard blinks!
Your song is almost over.
Something hits your spectral weapon!
Your spectral weapon shares its damage with you!
* * * LOW HITPOINT WARNING * * *
As you read the scroll labeled YNIVEDETHY, it crumbles to dust.
You feel blessed for a moment.
It was a scroll of remove curse.
Something hits you.
* * * LOW HITPOINT WARNING * * *
The gnoll hits you from afar with a halberd!
You die...

..ยง.....#
##......#
##......#
#g.##..## ## ##o##
## ... ##oa# ...
##g.## ...
#.(####### ...
##@####...## ...
##..#.......# ...
##..#........# ##
#..#.........##
##.#...........#
##.............##
##))##..........#
##.)###..........#
#..## ##........##


You could see a worker ant, 2 gnolls, 2 orcs and a friendly spectral trident of
venom.

Vanquished Creatures
  2 ogres
  3 orc wizards
  2 orc priests (D:4)
  3 worker ants (D:4)
  3 adders
  9 gnolls
  A dart slug (D:2)
  3 leopard geckos
  13 orcs
  4 bats
  5 giant cockroaches
  11 goblins
  5 hobgoblins
  3 jackals (D:2)
  8 kobolds
  3 quokkas
  3 frilled lizards
  7 rats
88 creatures vanquished.

Vanquished Creatures (others)
  A spectral weapon (D:4)
1 creature vanquished.

Grand Total: 89 creatures vanquished

Notes
Turn   | Place    | Note
-------+----------+-------------------------------------------
     0 | D:1      | epen the Gnoll Skald began the quest for the Orb.
     0 | D:1      | Reached XP level 1. HP: 20/20 MP: 6/6
   117 | D:1      | Reached XP level 2. HP: 18/26 MP: 7/7
   290 | D:1      | Learned a level 2 spell: Song of Slaying
   350 | D:1      | Reached XP level 3. HP: 28/31 MP: 6/9
   394 | D:1      | Reached skill level 5 in Spellcasting
   781 | D:2      | Reached skill level 1 in Invocations
   843 | D:2      | Reached skill level 1 in Short Blades
   843 | D:2      | Reached skill level 1 in Axes
   843 | D:2      | Reached skill level 1 in Maces & Flails
   843 | D:2      | Reached skill level 1 in Polearms
   843 | D:2      | Reached skill level 1 in Staves
   843 | D:2      | Reached skill level 1 in Slings
   843 | D:2      | Reached skill level 1 in Bows
   843 | D:2      | Reached skill level 1 in Crossbows
   843 | D:2      | Reached skill level 1 in Throwing
   843 | D:2      | Reached skill level 1 in Stealth
   843 | D:2      | Reached skill level 1 in Shields
   843 | D:2      | Reached skill level 1 in Unarmed Combat
   843 | D:2      | Reached skill level 1 in Evocations
   843 | D:2      | Reached XP level 4. HP: 16/38 MP: 0/11
  1145 | D:2      | Reached skill level 1 in Conjurations
  1145 | D:2      | Reached skill level 1 in Hexes
  1145 | D:2      | Reached skill level 1 in Summonings
  1145 | D:2      | Reached skill level 1 in Necromancy
  1145 | D:2      | Reached skill level 1 in Translocations
  1145 | D:2      | Reached skill level 1 in Transmutations
  1145 | D:2      | Reached skill level 1 in Fire Magic
  1145 | D:2      | Reached skill level 1 in Ice Magic
  1145 | D:2      | Reached skill level 1 in Air Magic
  1145 | D:2      | Reached skill level 1 in Earth Magic
  1145 | D:2      | Reached skill level 1 in Poison Magic
  1828 | D:3      | Reached XP level 5. HP: 41/43 MP: 12/12
  1907 | D:3      | Learned a level 3 spell: Spectral Weapon
  1913 | D:3      | Noticed an ogre
  1922 | D:3      | Killed an ogre
  2502 | D:4      | Reached XP level 6. HP: 48/50 MP: 6/13
  2954 | D:4      | Reached skill level 5 in Fighting
  2954 | D:4      | Reached skill level 5 in Long Blades
  2954 | D:4      | Reached skill level 5 in Dodging
  3094 | D:4      | Reached XP level 7. HP: 43/56 MP: 8/15
  3844 | D:4      | Mangled by a gnoll

Vault maps used:
D:1:      zelgadis_glass_arrival_small
D:3:      first_ration
D:4:      wad_floor_pattern_untrapped

Skill      XL: |  1  2  3  4  5  6  7 |
---------------+----------------------+-----
Spellcasting   | 5 |  5.6
Invocations    | 1 2 |  2.6
Short Blades   | 1 2 |  2.4
Axes           | 1 2 |  2.4
Maces & Flails | 1 2 |  2.4
Polearms       | 1 2 |  2.4
Staves         | 1 2 |  2.4
Slings         | 1 2 |  2.4
Bows           | 1 2 |  2.4
Crossbows      | 1 2 |  2.4
Throwing       | 1 2 |  2.4
Stealth        | 1 2 |  2.4
Shields        | 1 2 |  2.4
Unarmed Combat | 1 2 |  2.4
Evocations     | 1 2 |  2.4
Conjurations   | 1 2 |  2.0
Hexes          | 1 2 |  2.0
Summonings     | 1 2 |  2.0
Necromancy     | 1 2 |  2.0
Translocations | 1 2 |  2.0
Transmutations | 1 2 |  2.0
Fire Magic     | 1 2 |  2.0
Ice Magic      | 1 2 |  2.0
Air Magic      | 1 2 |  2.0
Earth Magic    | 1 2 |  2.0
Poison Magic   | 1 2 |  2.0
Armour         | 3 |  3.5
Fighting       | 5 |  5.2
Long Blades    | 5 |  5.2
Dodging        | 5 |  5.2
Charms         | |  5.8

Action                   |  1- 3 |  4- 6 |  7- 9 || total
-------------------------+-------+-------+-------++-------
Melee: Falchion          |    69 |    68 |       ||   137
       Bite              |     6 |     9 |     4 ||    19
       Trident           |       |    20 |    44 ||    64
       Punch             |       |     1 |       ||     1
 Cast: Song of Slaying   |     4 |     1 |     1 ||     6
       Infusion          |     2 |     2 |       ||     4
       Spectral Weapon   |       |     7 |     6 ||    13
  Use: Scroll            |       |     6 |     1 ||     7
       Potion            |       |       |     1 ||     1
 Stab: Sleeping          |       |     2 |       ||     2
       Distracted        |       |     1 |       ||     1
  Eat: Chunk             |       |     7 |       ||     7
       Ration            |       |       |     1 ||     1
Armor: Leather armour    |    28 |     5 |    16 ||    49
Dodge: Dodged            |    51 |    66 |    43 ||   160
       Rpst.: Falchion   |    14 |    14 |       ||    28

Table legend:
 A = Non-vault XP
 B = Vault XP
 C = Vault XP percentage of total XP
 D = Non-vault monster count
 E = Vault monster count
 F = Vault count percentage of total count
                 A         B        C        D         E       F
            +---------+---------+-------+---------+---------+-------
      Total |     853 |       0 |   0.0 |      88 |       0 |   0.0
            +---------+---------+-------+---------+---------+-------
        D:1 |      50 |       0 |   0.0 |      21 |       0 |   0.0
        D:2 |      96 |       0 |   0.0 |      23 |       0 |   0.0
        D:3 |     176 |       0 |   0.0 |      17 |       0 |   0.0
        D:4 |     531 |       0 |   0.0 |      27 |       0 |   0.0
            +---------+---------+-------+---------+---------+-------
